 Dungeon Crawl Stone Soup version 0.22.0-27-ga576289601 (webtiles) character file.

272 Loge the Caller (level 6, -3/44 HPs)
             Began as a Mummy Summoner on Aug 22, 2018.
             Slain by Grinder (10 damage)
             ... in a sewer.
             The game lasted 00:21:02 (5039 turns).

Loge the Caller (Mummy Summoner)                    Turns: 5039, Time: 00:21:03

Health: -3/44      AC:  4    Str: 11      XL:     6   Next: 2%
Magic:  2/10       EV: 11    Int: 17      God:
Gold:   264        SH:  0    Dex:  9 (12) Spells: 3/10 levels left

rFire    x . .     SeeInvis .   b - +0 dagger
rCold    + . .     Gourm    .   (no shield)
rNeg     + + +     Faith    .   n - +0 leather armour
rPois    ∞         Spirit   .   (no helmet)
rElec    .         Reflect  .   (no cloak)
rCorr    .         Harm     .   (no gloves)
MR       .....                  k - +0 pair of boots
Stlth    +.........             (no amulet)
HPRegen  0.14/turn              (no ring)
MPRegen  0.12/turn              (no ring)

@: no status effects
A: no food or potions, fire vulnerability, cold resistance 1, negative energy
resistance 3, torment resistance, unbreathing
a: no special abilities


You were in a sewer.
You were not hungry.

You visited 1 branch of the dungeon, and saw 4 of its levels.
You also visited: Sewer.

You collected 264 gold pieces.

Inventory:

Hand Weapons
 b - a +0 dagger (weapon)
 o - a +0 hand crossbow
 q - a +0 blowgun
Missiles
 e - 122 stones (quivered)
 p - 15 bolts
 r - 8 poisoned needles
Armour
 k - a +0 pair of boots (worn)
 m - a +0 robe
 n - a +0 leather armour (worn)
Magical Staves
 a - an uncursed staff of death
Scrolls
 c - 2 scrolls of immolation {unknown}
 d - 3 scrolls of teleportation {unknown}
 f - a scroll of blinking {unknown}
 g - 3 scrolls of noise {unknown}
 h - 3 scrolls of remove curse {unknown}
 i - a scroll of identify {unknown}
 j - a scroll of fog {unknown}
 l - 2 scrolls of enchant armour {unknown}


   Skills:
 + Level 1.8 Fighting
 - Level 1.5 Dodging
 - Level 1.5 Stealth
 - Level 2.6 Spellcasting
 * Level 5.5 Summonings
 + Level 1.4 Air Magic


You had 3 spell levels left.
You knew the following spells:

 Your Spells              Type           Power        Failure   Level  Hunger
a - Summon Small Mammal   Summ           ###.         2%          1    N/A
b - Call Imp              Summ           ###.....     3%          2    N/A
c - Summon Lightning Spi  Summ/Air       ##......     50%         4    N/A

Your spell library contained the following spells:

 Spells                   Type           Power        Failure   Level  Hunger
 Call Canine Familiar     Summ           ###.....     8%          3    N/A
 Summon Guardian Golem    Hex/Summ       ##......     22%         3    N/A
 Summon Ice Beast         Ice/Summ       ##......     58%         4    N/A

Dungeon Overview and Level Annotations

Branches:
Dungeon (4/15)
 Temple: D:4-7

Altars:
Okawaru
Sif Muna

Annotations:
Sewer Grinder


Innate Abilities, Weirdness & Mutations

You do not eat or drink.
Your flesh is vulnerable to fire.
You are immune to poison.
Your flesh is cold resistant. (rC+)
You are immune to negative energy. (rN+++)
You are immune to unholy pain and torment.
You can survive without breathing.


Message History

The shadow imp hits you.
You completely miss the shadow imp.
The shadow imp is moderately wounded.
The shadow imp barely misses you. Grinder hits your white imp!
You closely miss the shadow imp.
The shadow imp is moderately wounded.
The shadow imp hits you.
Grinder hits your white imp but does no damage.
You closely miss the shadow imp.
The shadow imp is moderately wounded.
The shadow imp hits you.
* * * LOW HITPOINT WARNING * * *
Grinder blinks!
Casting: Call Imp (safe; 3% risk of failure)
Confirm with . or Enter, or press ? or * to list all spells.
A beastly little devil appears in a puff of flame.
The shadow imp hits you.
* * * LOW HITPOINT WARNING * * *
Grinder hits you!
You die...

#≈≈≈≈≈≈≈.≈.#≈≈≈≈≈≈#≈≈≈#
#≈≈≈≈≈≈#.≈.#≈≈≈≈≈≈#≈≈≈#
#≈≈≈≈≈≈#.≈.≈≈≈≈≈≈≈#≈≈≈#
#≈≈≈≈≈≈#≈.≈#≈≈≈≈≈≈#≈≈≈#
#≈≈≈≈≈...≈...≈≈≈≈≈#≈≈≈#
#≈.≈≈..#≈≈≈#..≈.≈≈#≈≈≈#
#.†....#≈≈≈#......#.5≈#
#)#######≈#######+##5##
#.5....#≈≈≈#(§55@5#.≈≈#
5≈≈.≈≈....))≈≈≈≈5.†..≈#
#≈≈≈≈≈≈#.†)#≈≈≈≈≈≈#.≈.#
#########'#############
#.. #.. '... .'.§ .'..


You could see Grinder, a shadow imp, a friendly crimson imp and a friendly white
imp (paralysed).

Vanquished Creatures
  A big kobold zombie (Sewer)
  A dart slug (D:1)
  An orc (D:4)
  3 bats
  2 giant cockroaches (D:1)
  4 hobgoblins
  A jackal (D:4)
  A kobold (Sewer)
14 creatures vanquished.

Vanquished Creatures (collateral kills)
  An ogre (D:4)
  A big kobold (Sewer)
  A quasit (Sewer)
  A bullfrog skeleton (D:3)
  A worker ant (D:4)
  A big kobold zombie (Sewer)
  3 adders (D:3)
  2 river rats (D:4)
  2 shadow imps (Sewer)
  An ufetubus (Sewer)
  An ooze (Sewer)
  2 worms (D:3)
  6 dart slugs
  A leopard gecko (D:3)
  7 orcs
  A ball python (D:4)
  7 giant cockroaches
  15 goblins
  2 hobgoblins
  4 jackals
  A quokka (D:4)
  10 bats
  2 frilled lizards
  23 kobolds
  6 rats
102 creatures vanquished.

Vanquished Creatures (others)
  A kobold zombie (Sewer)
1 creature vanquished.

Grand Total: 117 creatures vanquished

Notes
Turn   | Place    | Note
-------+----------+-------------------------------------------
     0 | D:1      | Loge the Mummy Summoner began the quest for the Orb.
     0 | D:1      | Reached XP level 1. HP: 13/13 MP: 4/4
   393 | D:1      | Reached XP level 2. HP: 17/19 MP: 0/5
   447 | D:1      | Learned a level 2 spell: Call Imp
   892 | D:1      | Reached skill level 4 in Summonings
  1320 | D:2      | Reached XP level 3. HP: 24/24 MP: 2/7
  3218 | D:3      | Found an iron altar of Okawaru.
  3278 | D:3      | Reached XP level 4. HP: 18/30 MP: 2/8
  3405 | D:3      | Learned a level 4 spell: Summon Lightning Spire
  3925 | D:4      | Noticed an ogre
  3932 | D:4      | Killed an ogre
  3932 | D:4      | Reached skill level 5 in Summonings
  3937 | D:4      | Reached skill level 1 in Fighting
  3937 | D:4      | Reached XP level 5. HP: 26/37 MP: 1/9
  4192 | D:4      | Found a deep blue altar of Sif Muna.
  4401 | D:4      | Reached skill level 1 in Air Magic
  4435 | D:4      | Found a glowing drain.
  4472 | Sewer    | Entered a sewer
  4969 | Sewer    | Noticed Grinder
  5005 | Sewer    | Reached XP level 6. HP: 20/44 MP: 2/10
  5039 | Sewer    | Slain by Grinder

Skill      XL: |  1  2  3  4  5 |
---------------+----------------+-----
Summonings     | 4 5 |  5.5
Fighting       | 1 |  1.8
Air Magic      | 1 |  1.4
Dodging        | |  1.5
Stealth        | |  1.5
Spellcasting   | |  2.6

Action                   |  1- 3 |  4- 6 || total
-------------------------+-------+-------++-------
Melee: Dagger            |    49 |    68 ||   117
       Unarmed           |     1 |       ||     1
 Cast: Summon Small Mamm |    99 |    13 ||   112
       Call Imp          |    37 |    48 ||    85
Armor: Robe              |    32 |       ||    32
       Leather armour    |       |    26 ||    26
Dodge: Dodged            |    67 |    63 ||   130
